 Dungeon Crawl Stone Soup version 0.29-a0-993-g4a18f31a58 (webtiles) character file.

Game seed: 9969168574662941708

456 vurker the Chopper (level 7, -1/64 (66) HPs)
             Began as a Tengu Berserker on Aug 2, 2022.
             Was a Believer of Trog.
             Succumbed to an adder's poison
             ... on level 4 of the Dungeon.
             The game lasted 00:03:15 (3597 turns).

vurker the Chopper (Tengu Berserker)                Turns: 3597, Time: 00:03:16

HP:   -1/64 (66)    AC: 11    Str: 19    XL:     7   Next: 6%
MP:   8/8           EV:  8    Int:  8    God:    Trog [**....]
Gold: 219           SH:  0    Dex: 13    Spells: 6/6 levels left

rFire   . . .      SeeInvis .   o - +0 war axe
rCold   . . .      Faith    .   (no shield)
rNeg    . . .      Spirit   .   a - +0 plate armour
rPois   .          Reflect  .   (helmet restricted)
rElec   .          Harm     .   (no cloak)
rCorr   .          Rampage  .   (no gloves)
Will    .....                   (boots unavailable)
Stlth   ..........              (no amulet)
HPRegen 0.20/turn               (no ring)
MPRegen 0.11/turn               (no ring)

@: berserking, lethally poisoned (-1 -> -8), flying quickly and evasively,
lightly drained, very quick
A: beak, talons 3, nimble flight
a: Renounce Religion, Berserk, Trog's Hand


You were on level 4 of the Dungeon.
You worshipped Trog.
Trog was pleased with you.
You visited 2 branches of the dungeon, and saw 5 of its levels.

You collected 219 gold pieces.

Inventory:

Hand Weapons
 o - a +0 war axe (weapon)
   (You found it on level 2 of the Dungeon)
Armour
 a - a +0 plate armour (worn)
   (You found it on level 2 of the Dungeon)
Wands
 d - a wand of iceblast (10)
   (You took it off a kobold on level 3 of the Dungeon)
 s - a wand of mindburst (17)
   (You found it on level 4 of the Dungeon)
Scrolls
 b - a scroll of teleportation {unknown}
 c - a scroll of blinking {unknown}
 i - a scroll of poison {unknown}
 k - 4 scrolls of identify {unknown}
 m - a scroll of magic mapping {unknown}
 r - a scroll of vulnerability {unknown}
Potions
 e - a potion of ambrosia {unknown}
 f - a potion of lignification {unknown}
 g - a potion of might {unknown}
 h - 2 potions of berserk rage {unknown}
 j - 2 potions of heal wounds {unknown}
 l - 3 potions of brilliance {unknown}
 n - 2 potions of attraction {unknown}
 p - a potion of curing {unknown}
 q - a potion of haste {unknown}


   Skills:
 + Level 4.5 Fighting
 * Level 6.3 Axes
 + Level 3.5 Armour
 + Level 3.6 Dodging


You had 6 spell levels left.
You didn't know any spells.
Your spell library was empty.

Dungeon Overview and Level Annotations

Branches:
Dungeon (4/15)             Temple (1/1) D:4

Altars:
Cheibriados
Elyvilon
Sif Muna
Yredelemnul


Innate Abilities, Weirdness & Mutations

You have a beak for a mouth.
You have claws for feet.
Your magical nature lets you fly swiftly and evasively.


Message History

The gnoll hits you from afar with a +0 halberd. x2
* * * LOW HITPOINT WARNING * * *
A red film seems to cover your vision as you go berserk!
You feel yourself moving faster!
You feel mighty! The adder completely misses you.
The gnoll hits you from afar with a +0 halberd!
* * * LOW HITPOINT WARNING * * *
The gnoll hits you from afar with a +0 halberd!
* * * LOW HITPOINT WARNING * * *
The adder bites you but does no damage.
You feel a strong urge to attack something.
The gnoll hits you with a +0 flail of draining.
* * * LOW HITPOINT WARNING * * *
You feel drained. The giant cockroach closely misses you.
The gnoll hits you with a +0 halberd.
* * * LOW HITPOINT WARNING * * *
The gnoll closely misses you.
You slash the gnoll!
You kill the gnoll!
Trog accepts your kill.
You miss the adder. You slash the adder! You slash the gnoll!
You barely miss the giant cockroach. You hit the gnoll but do no damage.
The giant cockroach closely misses you. The adder bites you.
* * * LOW HITPOINT WARNING * * *
The gnoll closely misses you. The gnoll completely misses you.
The adder bites you but does no damage.
You closely miss the adder. Your kick misses the adder.
Your peck misses the adder. You slash the gnoll!
You kill the gnoll!
Trog accepts your kill.
You closely miss the adder. You hit the gnoll.
You kill the gnoll!
Trog accepts your kill.
You slash the giant cockroach!
You kill the giant cockroach!
Trog accepts your kill. The adder barely misses you.
You have reached level 7!
You barely miss the adder. You hit the adder.
You feel the power of Trog in you as your rage grows.
You kill the adder!
Trog accepts your kill. The adder barely misses you. The adder bites you.
* * * LOW HITPOINT WARNING * * *
You are lethally poisoned!
The adder poisons you!
You barely miss the adder. You claw the adder.
You kill the adder!
Trog accepts your kill.
You die...

....8...#.....#.#.#
........#......##.#
........#.........##
.......#.#.........##
......#.#.#.........#
.....#.#.#.#......#.#
.##.##.#.....#.## #
##.#..).#..###
##.#†@........
##.#)).......
##.#........
......)....
............
.............
##............ #...
.......


There were no monsters in sight!

Vanquished Creatures
  An ogre (D:4)
  2 scorpions (D:4)
  A jelly (D:4)
  7 gnolls (D:4)
  9 adders
  An ufetubus (D:4)
  2 worms
  A dart slug (D:3)
  7 orcs
  4 bats
  5 endoplasms
  3 giant cockroaches
  6 goblins
  5 hobgoblins
  4 jackals (D:2)
  4 kobolds
  4 quokkas
  6 ball pythons
  A frilled lizard (D:1)
  4 rats
77 creatures vanquished.

Notes
Turn   | Place    | Note
-------+----------+-------------------------------------------
     0 | D:1      | vurker the Tengu Berserker began the quest for the Orb.
     0 | D:1      | Reached XP level 1. HP: 14/14 MP: 2/2
    16 | D:1      | Found a faded altar of an unknown god.
    73 | D:1      | Reached XP level 2. HP: 9/19 MP: 3/3
   602 | D:1      | Reached skill level 4 in Axes
   956 | D:2      | Reached XP level 3. HP: 11/23 MP: 4/4
   991 | D:2      | Reached ** piety under Trog
  1795 | D:3      | Reached XP level 4. HP: 25/28 MP: 5/5
  2189 | D:3      | Reached skill level 5 in Axes
  2210 | D:3      | Found a white marble altar of Elyvilon.
  2210 | D:3      | Found a shimmering blue altar of Sif Muna.
  2820 | D:3      | Gained mutation: Your magical nature lets you fly swiftly
                  | and evasively. [Tengu growth]
  2820 | D:3      | Reached XP level 5. HP: 24/33 MP: 6/6
  3234 | D:4      | Noticed an ogre
  3240 | D:4      | Killed an ogre
  3241 | D:4      | Reached XP level 6. HP: 38/38 MP: 7/7
  3273 | D:4      | Identified the +1 plate armour "Qaiffes" {Fly Will- Dex-5
                  | Stlth+}
  3288 | D:4      | Reached skill level 6 in Axes
  3294 | D:4      | Found a staircase to the Ecumenical Temple.
  3315 | Temple   | Entered the Ecumenical Temple
  3596 | D:4      | Reached XP level 7. HP: 4/43 MP: 8/8
  3596 | D:4      | HP: 1/64 [adder (3)]
  3597 | D:4      | Succumbed to an adder's poison

Illustrated notes

Levels and vault maps discovered:
D:1:      amcnicky_arrival_feature_with_door, layout_basic,
          dreamdust_ecumenical_altar_statues
D:2:      layout_rooms, serial_curves, eino_curves_03, eino_curves_03,
          eino_curves_02
D:3:      layout_basic, nicolae_overflow_two_pavilions
D:4:      wad_pebble_path, layout_rooms, minmay_temple_entry_gardened_gates
Temple:   nicolae_temple_superstar

Skill      XL: |  1  2  3  4  5  6 |
---------------+-------------------+-----
Axes           | 4 5 6 |  6.3
Fighting       | 4 |  4.5
Armour         | 3 |  3.5
Dodging        | 3 |  3.6

Action                   |  1- 3 |  4- 6 |  7- 9 || total
-------------------------+-------+-------+-------++-------
Melee: Hand axe          |    68 |       |       ||    68
       Kick              |    15 |    16 |     1 ||    32
       Peck              |     7 |    10 |       ||    17
       Punch             |     1 |     1 |       ||     2
       War axe           |    11 |    91 |     2 ||   104
Invok: Berserk           |       |     2 |       ||     2
Armor: Animal skin       |    10 |       |       ||    10
       Ring mail         |    12 |       |       ||    12
       Plate armour      |     9 |    54 |       ||    63
Dodge: Dodged            |    53 |    46 |     1 ||   100

Table legend: (Time is in decaauts)
 A = Elapsed time spent in this place.
 B = Non-inter-level travel time spent in this place.
 C = Inter-level travel time spent in this place.
 D = Time resting spent in this place.
 E = Time spent auto-exploring this place.
 F = Levels seen in this place.
 G = Mean time per level.
                   A        B        C        D        E       F      G
               +--------+--------+--------+--------+--------+-----+--------+
         Total |   3597 |   3471 |    126 |    189 |   2749 |   5 |  719.4 |
       Dungeon |   3406 |   3280 |    126 |      0 |   2749 |   4 |  851.5 |
        Temple |    190 |    190 |      0 |    189 |      0 |   1 |  190.0 |
               +--------+--------+--------+--------+--------+-----+--------+

Top non-repeatable levels by time:
     D:3: 1429 daAuts
     D:1: 909 daAuts
     D:2: 814 daAuts
     D:4: 253 daAuts
  Temple: 190 daAuts
